 Dungeon Crawl Stone Soup version 0.31.0-32-g396128a36d (webtiles) character file.

Game seed: 5371157498751829390

5180 jaiteiro the Destroyer (level 10, -5/67 HPs)
             Began as a Gnoll Conjurer on Apr 2, 2024.
             Was a Follower of Hepliaklqana.
             Killed from afar by a manticore (11 damage)
             ... with a volley of spikes
             ... on level 7 of the Dungeon.
             The game lasted 00:51:42 (11578 turns).

jaiteiro the Destroyer (Gnoll Conjurer)            Turns: 11578, Time: 00:51:43

Health: -5/67      AC:  8    Str:  7    XL:     10   Next: 60%
Magic:  14/21      EV: 19    Int: 21    God:    Hepliaklqana [*.....]
Gold:   435        SH:  0    Dex: 11    Spells: 23/24 levels left

rFire   . . .        I - +1 hammer (drain)
rCold   + . .        (no shield)
rNeg    . . .        K - +0 steam dragon scales
rPois   .            x - +0 helmet
rElec   .            J - +0 cloak
rCorr   .            (no gloves)
SInv    .            (no boots)
Will    .....        C - amulet of the acrobat
Stlth   +++          k - +5 ring of evasion
HPRegen 0.31/turn    n - ring of protection from cold
MPRegen 0.17/turn

%: acrobat
@: spiked
A: reduced essence, fangs 1, strong nose, distributed training, inability to
read after injury 1
a: Renounce Religion, Recall Ancestor, Ancestor Identity


You were on level 7 of the Dungeon.
You worshipped Hepliaklqana.
Hepliaklqana was aware of your devotion.
You visited 2 branches of the dungeon, and saw 11 of its levels.

You collected 435 gold pieces.

Inventory:

Hand Weapons
 a - a +4 sling
 b - a +0 scimitar
 D - a +0 hand axe of electrocution
 I - a +1 hammer of draining (weapon)
 L - a +1 orcbow of electrocution
Missiles
 t - 3 poisoned darts (quivered)
 M - 2 javelins
Armour
 x - a +0 helmet (worn)
 J - a +0 cloak (worn)
 K - +0 steam dragon scales (worn)
Jewellery
 k - a +5 ring of evasion (left hand)
 n - a ring of protection from cold (right hand)
 q - a ring of fire
 r - an amulet of magic regeneration
 y - a +6 ring of strength
 C - an amulet of the acrobat (around neck)
 G - a +6 ring of intelligence
 H - a ring of poison resistance
Wands
 w - a wand of roots (8)
 E - a wand of flame (20)
Scrolls
 c - a scroll of fear
 e - 4 scrolls of enchant weapon
 g - a scroll of immolation {unknown}
 h - 2 scrolls of amnesia {unknown}
 i - a scroll of torment {unknown}
 j - 4 scrolls of teleportation {unknown}
 m - 3 scrolls of silence {unknown}
 o - a scroll of fog {unknown}
 p - 8 scrolls of identify
 u - a scroll of revelation {unknown}
 z - a scroll of enchant armour {unknown}
 A - 2 scrolls of poison {unknown}
 B - 2 scrolls of blinking {unknown}
Potions
 d - 3 potions of degeneration {unknown}
 f - 2 potions of curing
 l - a potion of haste
 s - a potion of brilliance
 v - 2 potions of magic
 F - 2 potions of lignification {unknown}


   Skills:
 + Level 5.6 Fighting
 + Level 5.6 Short Blades
 + Level 5.6 Long Blades
 + Level 5.6 Axes
 + Level 5.6 Maces & Flails
 + Level 5.6 Polearms
 + Level 5.6 Staves
 + Level 5.6 Ranged Weapons
 + Level 5.6 Throwing
 + Level 5.6 Armour
 + Level 7.3 Dodging
 + Level 7.1 Stealth
 + Level 5.6 Shields
 + Level 5.6 Unarmed Combat
 + Level 7.6 Spellcasting
 + Level 8.6 Conjurations
 + Level 4.6 Hexes
 + Level 4.6 Summonings
 + Level 4.6 Necromancy
 + Level 4.6 Translocations
 + Level 4.6 Fire Magic
 + Level 4.6 Ice Magic
 + Level 4.6 Air Magic
 + Level 4.6 Earth Magic
 + Level 4.6 Alchemy
 + Level 6.2 Invocations
 + Level 5.6 Evocations
 + Level 5.1 Shapeshifting


You had 23 spell levels left.
You knew the following spells:

 Your Spells              Type           Power      Damage    Failure   Level
a - Magic Dart            Conj           100%       1d8       1%          1

Your spell library contained the following spells:

 Spells                   Type           Power      Damage    Failure   Level
 Scorch                   Fire           54%        2d7       1%          2
 Searing Ray              Conj           88%        2d7       1%          2
 Flame Wave               Conj/Fire      35%        2d10      5%          4
 Fulminant Prism          Conj/Alch      17%        3d10      5%          4
 Iskenderun's Mystic Bla  Conj/Tloc      35%        2d8       5%          4
 Summon Cactus Giant      Summ           13%        N/A       88%         6


Dungeon Overview and Level Annotations

Branches:
Dungeon (10/15)            Temple (1/1) D:7            Lair (0/5) D:8
    Orc (0/2) D:9

Altars:
Ashenzari
Cheibriados
Dithmenos
Elyvilon
Gozag
Hepliaklqana
Kikubaaqudgha
Makhleb
Okawaru
Qazlal
Ru
Sif Muna
Trog
Uskayaw
Vehumet
Wu Jian
Xom
Zin
The Shining One

Shops:
D:3 [

Annotations:
D:5 Eustachio


Innate Abilities, Weirdness & Mutations

Your life essence is reduced to manifest your ancestor. (-10% HP)
You have very sharp teeth.
Your uncanny sense of smell can sniff out nearby items.
Your experience applies equally to all skills.
You occasionally lose the ability to read scrolls when taking damage.


Message History

Aiming: Magic Dart (safe; 1% risk of failure)
Press: ? - help, Shift-Dir - straight line, f/p - manticore
Aim: a manticore (heavily wounded, very poisoned, 100% to hit)
The magic dart hits the manticore.
The manticore is heavily wounded.
The manticore flicks its tail.
The volley of spikes skewers you!
The barbed spikes become lodged in your body.
Casting: Magic Dart (safe; 1% risk of failure)
Confirm with . or Enter, or press ? or * to list all spells.
Aiming: Magic Dart (safe; 1% risk of failure)
Press: ? - help, Shift-Dir - straight line, f/p - manticore
Aim: a manticore (severely wounded, poisoned, 100% to hit)
The magic dart hits the manticore.
The manticore is severely wounded.
The manticore flicks its tail.
The volley of spikes skewers you!
The barbed spikes become lodged in your body.
Casting: Magic Dart (safe; 1% risk of failure)
Confirm with . or Enter, or press ? or * to list all spells.
Aiming: Magic Dart (safe; 1% risk of failure)
Press: ? - help, Shift-Dir - straight line, f/p - manticore
Aim: a manticore (severely wounded, poisoned, 100% to hit)
The magic dart hits the manticore.
The manticore is severely wounded.
The manticore flicks its tail.
The volley of spikes skewers you!!
The barbed spikes become lodged in your body.
* * * LOW HITPOINT WARNING * * *
Casting: Magic Dart (safe; 1% risk of failure)
Confirm with . or Enter, or press ? or * to list all spells.
Aiming: Magic Dart (safe; 1% risk of failure)
Press: ? - help, Shift-Dir - straight line, f/p - manticore
Aim: a manticore (almost dead, poisoned, 100% to hit)
The magic dart hits the manticore.
The manticore is almost dead.
The manticore flicks its tail.
The volley of spikes skewers you!
The barbed spikes become lodged in your body.
You die...

##.......#..###...###.#
###...#...#....#.⌠.#....
##.....#(#......#...#....
##.......H#.#...........).
#...#...#.#.##....†.....).
##...#...#.#.#.....###.##..
##.......##...##.....#####..
#........##...##.....# #..
##.........@_.(..#...#####..
##...#..........###.....##.. #
###......#....[..## ##........
####...###..#..#.#...# #.........
.#.....###.......#..#####.....###
#.).....##.......#..##.#.....## #
.......##........#..#.........# #
...........#.........)........###
..........##.....................


You could see a manticore (poisoned).

Vanquished Creatures
  Pikel (D:8)
  A polar bear (D:8)
  Prince Ribbit (D:7)
  Sigmund (D:6)
  A wyvern (D:8)
  3 steam dragons
  Menkaure (D:6)
  3 orc warriors
  A sky beast (D:6)
  5 ice beasts
  2 ogres
  4 wolves (D:8)
  A centaur (D:6)
  A phantom (D:6)
  A lemure (D:8)
  A kobold brigand (D:7)
  Blork the orc (D:5)
  A gnoll sergeant (D:8)
  2 bullfrogs
  2 scorpions (D:5)
  A howler monkey (D:7)
  6 hounds
  3 jellies
  A bombardier beetle (D:3)
  An orc priest (D:7)
  A gnoll bouda (D:5)
  4 sleepcaps
  Crazy Yiuf (D:6)
  2 iguanas (D:5)
  Ijyb (D:4)
  9 orc wizards
  5 adders
  7 gnolls
  4 ufetubi
  A dart slug (D:4)
  A ribbon worm (D:2)
  24 orcs
  5 ball pythons
  5 endoplasms
  5 giant cockroaches
  2 goblins (D:1)
  3 hobgoblins
  14 jackals
  2 kobolds (D:1)
  4 bats
  2 frilled lizards
  4 rats
152 creatures vanquished.

Vanquished Creatures (collateral kills)
  A rime drake (D:8)
  A steam dragon (D:8)
  2 ice beasts (D:8)
  2 lemures (D:8)
6 creatures vanquished.

Vanquished Creatures (others)
  An orc wizard (D:8)
  7 ancestors
8 creatures vanquished.

Grand Total: 166 creatures vanquished

Notes
Turn   | Place    | Note
-------+----------+-------------------------------------------
     0 | D:1      | jaiteiro the Gnoll Conjurer began the quest for the Orb.
     0 | D:1      | Reached XP level 1. HP: 13/13 MP: 6/6
    58 | D:1      | Found a faded altar of an unknown god.
   336 | D:1      | Reached XP level 2. HP: 19/19 MP: 5/7
  1407 | D:2      | Reached skill level 5 in Spellcasting
  1407 | D:2      | Reached XP level 3. HP: 25/25 MP: 1/9
  1638 | D:2      | Reached skill level 1 in Invocations
  1716 | D:2      | Found a white marble altar of Elyvilon.
  2151 | D:3      | Found an iron altar of Okawaru.
  2164 | D:3      | Reached skill level 1 in Fighting
  2164 | D:3      | Reached skill level 1 in Short Blades
  2164 | D:3      | Reached skill level 1 in Long Blades
  2164 | D:3      | Reached skill level 1 in Axes
  2164 | D:3      | Reached skill level 1 in Maces & Flails
  2164 | D:3      | Reached skill level 1 in Polearms
  2164 | D:3      | Reached skill level 1 in Staves
  2164 | D:3      | Reached skill level 1 in Ranged Weapons
  2164 | D:3      | Reached skill level 1 in Throwing
  2164 | D:3      | Reached skill level 1 in Armour
  2164 | D:3      | Reached skill level 1 in Shields
  2164 | D:3      | Reached skill level 1 in Unarmed Combat
  2164 | D:3      | Reached skill level 1 in Evocations
  2164 | D:3      | Reached skill level 1 in Shapeshifting
  2164 | D:3      | Reached XP level 4. HP: 32/32 MP: 7/11
  2215 | D:3      | Reached skill level 1 in Hexes
  2215 | D:3      | Reached skill level 1 in Summonings
  2215 | D:3      | Reached skill level 1 in Necromancy
  2215 | D:3      | Reached skill level 1 in Translocations
  2215 | D:3      | Reached skill level 1 in Fire Magic
  2215 | D:3      | Reached skill level 1 in Ice Magic
  2215 | D:3      | Reached skill level 1 in Air Magic
  2215 | D:3      | Reached skill level 1 in Earth Magic
  2215 | D:3      | Reached skill level 1 in Alchemy
  2550 | D:3      | Found Weskemug's Antique Armour Shop.
  2560 | D:3      | Reached XP level 5. HP: 37/37 MP: 7/12
  3272 | D:4      | Found a stormy altar of Qazlal.
  3277 | D:4      | Noticed Ijyb
  3285 | D:4      | Killed Ijyb
  3528 | D:5      | Entered Level 5 of the Dungeon
  3552 | D:5      | Reached XP level 6. HP: 29/44 MP: 8/14
  3592 | D:5      | Noticed Blork the orc
  3593 | D:5      | Reached skill level 5 in Dodging
  3614 | D:5      | Killed Blork the orc
  3848 | D:5      | Noticed Eustachio
  3904 | D:5      | Reached XP level 7. HP: 50/50 MP: 12/15
  4776 | D:5      | Reached skill level 5 in Stealth
  5109 | D:6      | Noticed Sigmund
  5242 | D:6      | Reached XP level 8. HP: 10/58 MP: 8/16
  5480 | D:7      | Noticed a manticore
  5488 | D:6      | Found a glowing drain.
  5509 | D:6      | Gained mutation: You are weak. (Str -2) [potion of
                  | mutation]
  5509 | D:6      | Gained mutation: You have sharp toenails. [potion of
                  | mutation]
  5510 | D:6      | HP: 1/58 [scorpion (4)]
  6593 | D:6      | Killed Sigmund
  6645 | D:6      | HP: 2/60 [ice beast (6)]
  7000 | D:6      | Noticed Menkaure
  7110 | D:6      | Killed Menkaure
  7294 | D:6      | Found a runed translucent door.
  7295 | D:6      | Noticed Crazy Yiuf
  7423 | D:6      | Killed Crazy Yiuf
  7558 | D:6      | Reached XP level 9. HP: 60/65 MP: 6/18
  7718 | D:7      | Found a shadowy altar of Dithmenos.
  7833 | D:7      | Reached skill level 8 in Conjurations
  8052 | D:7      | Noticed Prince Ribbit
  8252 | D:7      | Noticed a torpor snail
  8252 | D:7      | Noticed a torpor snail
  8252 | D:7      | Found a snail-covered altar of Cheibriados.
  8336 | D:7      | Found a staircase to the Ecumenical Temple.
  8343 | Temple   | Entered the Ecumenical Temple
  8357 | Temple   | Became a worshipper of Hepliaklqana the Forgotten
  8672 | D:7      | Killed Prince Ribbit
  8710 | D:7      | Reached skill level 5 in Invocations
  8759 | D:7      | Found a bloodstained altar of Trog.
  8783 | D:7      | HP: 1/66 [manticore (8)]
  9218 | D:8      | Noticed a polar bear
  9259 | D:7      | Noticed a torpor snail
  9603 | D:8      | Found a radiant altar of Vehumet.
  9709 | D:8      | Noticed a rime drake
  9711 | D:8      | Noticed a polar bear
  9745 | D:9      | Found a staircase to the Orcish Mines.
  9757 | D:10     | Entered Level 10 of the Dungeon
  9836 | D:10     | Reached skill level 5 in Fighting
  9836 | D:10     | Reached skill level 5 in Short Blades
  9836 | D:10     | Reached skill level 5 in Long Blades
  9836 | D:10     | Reached skill level 5 in Axes
  9836 | D:10     | Reached skill level 5 in Maces & Flails
  9836 | D:10     | Reached skill level 5 in Polearms
  9836 | D:10     | Reached skill level 5 in Staves
  9836 | D:10     | Reached skill level 5 in Ranged Weapons
  9836 | D:10     | Reached skill level 5 in Throwing
  9836 | D:10     | Reached skill level 5 in Armour
  9836 | D:10     | Reached skill level 5 in Shields
  9836 | D:10     | Reached skill level 5 in Unarmed Combat
  9836 | D:10     | Reached skill level 5 in Evocations
  9836 | D:10     | Reached XP level 10. HP: 45/74 MP: 18/20
 10156 | D:8      | Reached * piety under Hepliaklqana
 10660 | D:8      | Found a staircase to the Lair.
 10666 | D:8      | Lost mutation: You are weak. (Str -2) [potion of mutation]
 10666 | D:8      | Lost mutation: You have sharp toenails. [potion of
                  | mutation]
 10666 | D:8      | Gained mutation: You occasionally lose the ability to read
                  | scrolls when taking damage. [potion of mutation]
 10943 | D:8      | Reached skill level 5 in Shapeshifting
 11135 | D:8      | Noticed Pikel
 11146 | D:8      | Killed Pikel
 11578 | D:7      | Killed from afar by a manticore

Illustrated notes

Levels and vault maps discovered:
D:1:      minmay_arrival_four_houses, layout_basic, basic_ecumenical_altar
D:2:      layout_basic, basic_altar, nrook_campfire, nicolae_figureground_pulse
D:3:      layout_basic, mainiacjoe_overflow_brackets, serial_shops,
          nicolae_shop_crystal
D:4:      layout_loops_cross, mainiacjoe_overflow_surrounded_room, uniq_ijyb
D:5:      layout_basic, hex_tiny, uniq_blork_the_orc, uniq_eustachio
D:6:      layout_loops_ring, gup_sewer_entry_glass, kennysheep_generic_room_2,
          uniq_menkaure, uniq_sigmund, uniq_crazy_yiuf_cottage
D:7:      layout_cave_pools, trog_antimagical, cheibriados_altar_2,
          mainiacjoe_overflow_boulevard, minmay_temple_entry_junction_2,
          chequers_serial_rivers_marsh, uniq_prince_ribbit1
D:8:      kennysheep_steamy, layout_loops_corners, lemuel_crystal_altar,
          hellmonk_lair_entry_icy, minmay_misc_feat_cross, uniq_pikel
D:9:      layout_small_grid, nicolae_overflow_hidden_temple, orc_0_dummy,
          minivault_27, hangedman_minor_magic
D:10:     layout_loops_ring, lemuel_round_altar, serial_shops, shop,
          nicolae_stop_n_shop_1, nicolae_lakefront_shop, shop,
          nicolae_shop_trees, grunt_tough_drop, uniq_snorg
Temple:   nicolae_temple_figure_eight

Skill      XL: |  1  2  3  4  5  6  7  8  9 10 |
---------------+-------------------------------+-----
Spellcasting   | 5 6 7 |  7.6
Invocations    | 1 2 3 4 5 6 |  6.2
Fighting       | 1 2 3 5 |  5.6
Short Blades   | 1 2 3 5 |  5.6
Long Blades    | 1 2 3 5 |  5.6
Axes           | 1 2 3 5 |  5.6
Maces & Flails | 1 2 3 5 |  5.6
Polearms       | 1 2 3 5 |  5.6
Staves         | 1 2 3 5 |  5.6
Ranged Weapons | 1 2 3 5 |  5.6
Throwing       | 1 2 3 5 |  5.6
Armour         | 1 2 3 5 |  5.6
Shields        | 1 2 3 5 |  5.6
Unarmed Combat | 1 2 3 5 |  5.6
Evocations     | 1 2 3 5 |  5.6
Shapeshifting  | 1 2 3 4 5 |  5.1
Hexes          | 1 2 3 4 |  4.6
Summonings     | 1 2 3 4 |  4.6
Necromancy     | 1 2 3 4 |  4.6
Translocations | 1 2 3 4 |  4.6
Fire Magic     | 1 2 3 4 |  4.6
Ice Magic      | 1 2 3 4 |  4.6
Air Magic      | 1 2 3 4 |  4.6
Earth Magic    | 1 2 3 4 |  4.6
Alchemy        | 1 2 3 4 |  4.6
Dodging        | 5 6 7 |  7.3
Stealth        | 5 6 7 |  7.1
Conjurations   | 8 |  8.6

Action                     |  1- 3 |  4- 6 |  7- 9 | 10-12 || total
---------------------------+-------+-------+-------+-------++-------
  Melee: Hand axe          |       |     7 |    13 |       ||    20
         Scimitar          |       |       |    62 |       ||    62
         Bite              |       |       |    21 |     2 ||    23
         Kick              |       |       |    34 |     6 ||    40
         Punch             |       |       |     4 |     1 ||     5
         Mace              |       |       |    65 |    34 ||    99
   Fire: Sling             |       |       |     3 |       ||     3
  Throw: Dart              |       |       |    19 |    16 ||    35
   Cast: Magic Dart        |    58 |   114 |   339 |   124 ||   635
 Invoke: Recall Ancestor   |       |       |       |     1 ||     1
  Evoke: Wand              |       |     2 |     2 |       ||     4
    Use: Potion            |       |       |     9 |     1 ||    10
         Scroll            |       |       |     3 |       ||     3
   Stab: Sleeping          |       |       |     1 |       ||     1
 Armour: Robe              |     2 |    15 |   135 |       ||   152
         Steam dragon scal |       |       |    73 |    72 ||   145
  Dodge: Dodged            |     1 |    35 |   461 |   154 ||   651
